 Dungeon Crawl Stone Soup version 0.29-a0-1006-g0dd7720b37 (webtiles) character file.

Game seed: 11285686069505323950

659066 drugrobin the Executioner (level 25, -3/189 HPs)
             Began as a Demigod Fighter on Aug 6, 2022.
             Succumbed to a death drake's dark miasma
             ... on level 1 of the Realm of Zot.
             The game lasted 05:25:13 (90749 turns).

drugrobin the Executioner (Demigod Fighter)        Turns: 90749, Time: 05:25:15

Health: -3/189     AC: 43    Str: 29      XL:     25   Next: 65%
Magic:  44/44      EV: 18    Int: 29 (30) God:
Gold:   4230       SH:  0    Dex: 18 (19) Spells: 15/47 levels left

rFire   . . .      SeeInvis +   a - +5 executioner's axe of Derozxem {speed, rN++}
rCold   + + .      Faith    .   (shield currently unavailable)
rNeg    + + +      Spirit   .   y - +10 pearl dragon scales
rPois   .          Reflect  .   i - +2 helmet {SInv}
rElec   +          Harm     .   I - +2 cloak
rCorr   +          Rampage  .   T - +4 pair of gloves "Coot" {Int+2 Dex+6}
Will    ++...                   N - +2 pair of boots "Raifium" {rElec rCorr}
Stlth   ..........              M - amulet of regeneration
HPRegen 1.21/turn               V - +4 ring of slaying
MPRegen 0.29/turn               n - ring "Qoxkak" {Wiz rC+ rN+ rCorr SInv}

@: lethally poisoned (-3 -> -20), wereblooded (expiring), slowed, studying 2
skills, very slow
A: high MP 1, forlorn, divine attributes, cold resistance 1, deterioration 2,
dopey 1, frail 2, screaming 1
}: 5/15 runes: barnacled, slimy, silver, abyssal, gossamer
a: no special abilities


You were on level 1 of the Realm of Zot.
You visited 11 branches of the dungeon, and saw 50 of its levels.
You visited the Abyss 7 times.
You also visited: Sewer, Gauntlet, Wizlab and Desolation.

You collected 6591 gold pieces.
You spent 2361 gold pieces at shops.

Inventory:

Hand Weapons
 a - the +5 executioner's axe of Derozxem (weapon) {speed, rN++}
   (You acquired it on level 11 of the Dungeon)

   Attacks with this weapon are significantly faster.
   rN:        It greatly protects you from negative energy.
 b - a +9 broad axe of flaming
 c - a +0 hand axe of venom
Missiles
 w - 28 curare-tipped darts (quivered)
 X - 15 silver javelins
Armour
 i - a +2 helmet of see invisible (worn)
 y - +10 pearl dragon scales (worn)
 I - a +2 cloak (worn)
 N - the +2 pair of boots "Raifium" (worn) {rElec rCorr}
   (You found it on level 3 of the Vaults)

   rElec:     It insulates you from electricity.
   rCorr:     It protects you from acid and corrosion.
 T - the +4 pair of gloves "Coot" (worn) {Int+2 Dex+6}
   (You acquired it on level 5 of the Vaults)

   Int:       It affects your intelligence (+2).
   Dex:       It affects your dexterity (+6).
Jewellery
 m - a ring of protection from fire
 n - the ring "Qoxkak" (right hand) {Wiz rC+ rN+ rCorr SInv}
   (You took it off a deep elf archer on level 3 of the Elven Halls)

   [ring of wizardry]

   It improves your spell success rate.
   rC:        It protects you from cold.
   rN:        It protects you from negative energy.
   SInv:      It lets you see invisible.
   rCorr:     It protects you from acid and corrosion.
 s - a ring of protection from fire
 t - the ring of Xibbiy {AC+4 Dex+6}
   (You found it on level 3 of the Dungeon)

   [ring of protection]

   AC:        It affects your AC (+4).
   Dex:       It affects your dexterity (+6).
 u - the ring of Plog {Ice +Blink rElec Int+4 Dex-4}
   (You took it off a ragged hierophant in the Desolation of Salt)

   [ring of ice]

   It enhances your ice magic.
   Int:       It affects your intelligence (+4).
   Dex:       It affects your dexterity (-4).
   rF:        It makes you vulnerable to fire.
   rC:        It protects you from cold.
   rElec:     It insulates you from electricity.
   +Blink:    It lets you blink.
 M - an amulet of regeneration (around neck)
 Q - a ring of poison resistance
 V - a +4 ring of slaying (left hand)
Wands
 p - a wand of digging (3)
 v - a wand of mindburst (59)
 E - a wand of acid (29)
 H - a wand of polymorph (2)
 Y - a wand of charming (14)
 Z - a wand of iceblast (27)
Scrolls
 e - 7 scrolls of fear
 h - 24 scrolls of teleportation
 j - 4 scrolls of silence
 k - 11 scrolls of vulnerability
 x - 4 scrolls of blinking
 A - 3 scrolls of summoning
 F - 10 scrolls of poison
 J - 11 scrolls of butterflies
 R - 6 scrolls of magic mapping
Potions
 d - 8 potions of might
 f - 2 potions of cancellation
 g - 8 potions of heal wounds
 l - 14 potions of curing
 o - 9 potions of lignification
 q - 6 potions of flight
 r - 6 potions of invisibility
 z - 6 potions of ambrosia
 B - 5 potions of mutation
 L - 12 potions of attraction
 O - 2 potions of brilliance
 P - 4 potions of berserk rage
 S - a potion of resistance
 U - 8 potions of haste
Miscellaneous
 C - a phantom mirror
 D - a condenser vane
 G - a lightning rod (4/4)
 K - a box of beasts
 W - a phial of floods


   Skills:
 + Level 21.9 Fighting
 - Level 24.0 Axes
 + Level 15.7 Armour
 + Level 12.5 Dodging
 - Level 2.6 Shields
 + Level 11.6 Spellcasting
 - Level 20.0 Necromancy
 - Level 8.0 Transmutations
 - Level 16.1 Evocations


You had 15 spell levels left.
You knew the following spells:

 Your Spells              Type           Power      Damage    Failure   Level
a - Summon Small Mammal   Summ           64%        N/A       2%          1
c - Mephitic Cloud        Conj/Pois/Air  16%        N/A       7%          3
d - Stone Arrow           Conj/Erth      32%        3d9       7%          3
e - Wereblood             Tmut           59%        N/A       1%          2
f - Corpse Rot            Necr/Pois/Air  53%        N/A       1%          4
g - Blink                 Tloc           32%        N/A       3%          2
h - Lesser Beckoning      Tloc           16%        N/A       7%          3
i - Simulacrum            Ice/Necr       33%        N/A       6%          6
j - Necromutation         Tmut/Necr      39%        N/A       43%         8

Your spell library contained the following spells:

 Spells                   Type           Power      Damage    Failure   Level
 Necrotise                Necr           100%       1d9       0%          1
 Sublimation of Blood     Necr           93%        N/A       0%          2
 Vampiric Draining        Necr           93%        2d12      0%          3
 Dispel Undead            Necr           93%        3d29      0%          4
 Beastly Appendage        Tmut           100%       N/A       1%          1
 Sting                    Tmut/Pois      100%       1d8       1%          1
 Spider Form              Tmut/Pois      40%        N/A       1%          3
 Apportation              Tloc           32%        N/A       2%          1
 Foxfire                  Conj/Fire      64%        2x1d7     2%          1
 Freeze                   Ice            64%        1d8       2%          1
 Magic Dart               Conj           64%        1d6       2%          1
 Slow                     Hex            64%        N/A       2%          1
 Ignite Poison            Fire/Tmut/Pois 32%        N/A       2%          3
 Call Imp                 Summ           16%        N/A       3%          2
 Poisonous Vapours        Pois/Air       32%        N/A       3%          2
 Scorch                   Fire           32%        2d7       3%          2
 Static Discharge         Conj/Air       16%        3-5/arc   3%          2
 Ice Form                 Ice/Tmut       40%        N/A       4%          4
 Petrify                  Tmut/Erth      40%        N/A       4%          4
 Borgnjor's Revivificati  Necr           46%        N/A       4%          8
 Call Canine Familiar     Summ           16%        N/A       7%          3
 Confusing Touch          Hex            16%        N/A       7%          3
 Conjure Flame            Conj/Fire      16%        6-21      7%          3
 Dazzling Flash           Conj/Hex       32%        N/A       7%          3
 Frozen Ramparts          Ice            32%        1d5       7%          3
 Inner Flame              Hex/Fire       16%        N/A       7%          3
 Ozocubu's Armour         Ice            16%        N/A       7%          3
 Portal Projectile        Hex/Tloc       32%        N/A       7%          3
 Summon Guardian Golem    Hex/Summ       16%        N/A       7%          3
 Irradiate                Conj/Tmut      20%        3d18      12%         5
 Yara's Violent Unravell  Hex/Tmut       20%        3d9       12%         5
 Animate Armour           Summ/Erth      32%        N/A       22%         4
 Cause Fear               Hex            8%         N/A       22%         4
 Flame Wave               Conj/Fire      16%        2d7       22%         4
 Fulminant Prism          Conj/Hex       8%         3d7       22%         4
 Hailstorm                Conj/Ice       16%        3d6       22%         4
 Iskenderun's Mystic Bla  Conj/Tloc      16%        2d5       22%         4
 Olgreb's Toxic Radiance  Pois           16%        N/A       22%         4
 Sticky Flame             Conj/Fire      16%        2d4       22%         4
 Summon Ice Beast         Ice/Summ       16%        N/A       22%         4
 Summon Lightning Spire   Summ/Air       16%        N/A       22%         4
 Fireball                 Conj/Fire      8%         3d6       52%         5
 Freezing Cloud           Conj/Ice/Air   8%         6-21      52%         5
 Iskenderun's Battlesphe  Conj           16%        2d7       52%         5
 Lee's Rapid Deconstruct  Erth           8%         3d8*      52%         5
 Lightning Bolt           Conj/Air       8%         1d20      52%         5
 Manifold Assault         Tloc           16%        N/A       52%         5
 Metabolic Englaciation   Hex/Ice        8%         N/A       52%         5
 Silence                  Hex/Air        8%         N/A       52%         5
 Summon Forest            Summ/Tloc      8%         N/A       52%         5
 Summon Mana Viper        Hex/Summ       16%        N/A       52%         5
 Eringya's Noxious Bog    Tmut/Pois      20%        N/A       52%         6
 Death's Door             Necr           46%        N/A       52%         9
 Conjure Ball Lightning   Conj/Air       8%         3x3d6     96%         6
 Iron Shot                Conj/Erth      8%         9d3       96%         6
 Starburst                Conj/Fire      8%         6d4       96%         6
 Summon Cactus Giant      Summ           8%         N/A       96%         6
 Storm Form               Tmut/Air       20%        N/A       97%         7
 Enfeeble                 Hex            8%         N/A       100%        7
 Malign Gateway           Summ/Tloc      8%         N/A       100%        7
 Monstrous Menagerie      Summ           8%         N/A       100%        7
 Orb of Destruction       Conj           8%         9d6       100%        7
 Spellforged Servitor     Conj/Summ      8%         N/A       100%        7
 Summon Hydra             Summ           8%         N/A       100%        7
 Discord                  Hex            8%         N/A       100%        8
 Ignition                 Fire           8%         3d5       100%        8
 Lehudib's Crystal Spear  Conj/Erth      8%         10d3      100%        8
 Maxwell's Capacitive Co  Air            8%         ∞         100%        8
 Summon Horrible Things   Summ           8%         N/A       100%        8
 Polar Vortex             Ice            8%         N/A       100%        9


Dungeon Overview and Level Annotations

Branches:
Dungeon (15/15)            Temple (0/1) D:4            Lair (5/5) D:9
 Shoals (4/4) Lair:3       Spider (4/4) Lair:3        Slime (5/5) Lair:5
    Orc (2/2) D:10            Elf (3/3) Orc:2        Vaults (5/5) D:13
  Crypt (0/3) Vaults:3     Depths (4/4) D:15           Hell (visited)
    Coc (0/7) Hell            Zot (2/5) Depths:4      Sewer (visited)
 WizLab (visited)         Desolation (visited)      Gauntlet (visited)
    Dis: Hell:1         Geh: Hell:1         Tar: Hell:1

Shops:
D:12 *   Orc:2 ?:!((   Elf:3 :?   Shoals:3 (   Vaults:2 [!

Portals:
Hell: Depths:1 Depths:2 Depths:3 Depths:4
Abyss: Lair:5 Depths:1 Depths:2 Depths:3
Pandemonium: Depths:2
Ziggurat: Depths:2

Annotations:
Hell Geryon


Innate Abilities, Weirdness & Mutations

You have an increased reservoir of magic. (+10% MP)
You shall have no god before yourself.
Your divine heritage dramatically boosts your attributes as you level up.
Your flesh is cold resistant. (rC+)
Your body often deteriorates upon taking damage.
You are dopey. (Int -2)
You are very frail. (-20% HP)
You occasionally shout uncontrollably at your foes.


Message History

The komodo dragon dies!
The komodo dragon's corpse disappears in a puff of smoke!
You feel extremely sick. The death drake breathes miasma at you.
The foul vapour engulfs you!
You are more poisoned.
* * * LOW HITPOINT WARNING * * *
The death drake attacks as you move away!
The death drake bites you but does no damage.
You are engulfed in dark miasma.
You are lethally poisoned!
You feel as though you will be slow longer.
* * * LOW HITPOINT WARNING * * *
x2 Your body deteriorates!
You feel dopey.
You feel extremely sick.
The death drake bites you but does no damage.
There is a stone staircase leading up here.
Unknown command.
Unknown command.
Unknown command.
Unknown command.
Unknown command.
You feel much better.
* * * LOW HITPOINT WARNING * * *
You feel extremely sick. The death drake barely misses you.
The death drake bites you but does no damage.
The white draconian stormcaller mumbles some strange prayers to Qazlal against you.
Qazlal smites you!
* * * LOW HITPOINT WARNING * * *
Unknown command.
Unknown command.
Unknown command.
* * * LOW HITPOINT WARNING * * *
You feel extremely sick.
The death drake bites you but does no damage.
The death drake barely misses you.
You climb upwards.
Your primal bloodlust is almost over.
You die...

#####)##.#'###.....###.#'##°...#
# #.#.....##.....##.....#....# #
#Z#.....##.....##.....#....# #
#.#.....##..⌠..##.....#....## #
#.##..⌠..#.....#..⌠..##...... #
#..#.....#.....#[....##...... #
#..##.......⌠[.)[...###...... #
#...##.............## #####..
#....##..⌠..@..⌠..## #..
#....###.........## #.. #....#
##...⌠...## #.. #####....#
##.....## ### #........# ###'###
#........# ##...## #........#
#.....#
#........#####⌠.>.⌠######
....####.....#.....#...[#


There were no monsters in sight!

Vanquished Creatures
  the Royal Jelly (Slime:5)
  Dissolution (Slime:1)
  3 dread liches
  An ancient lich (Vaults:5)
  Mara (Shoals:3)
  Frederick (Vaults:5)
  Saint Roka (Depths:1)
  4 golden dragons
  The ghost of Egeuwelinn the Warrior, a veteran GnWn of the Shining One (Vaults:3)
  A caustic shrike (Depths:2)
  the Enchantress (Depths:4)
  2 profane servitors (Abyss:3)
  Nikola (Spider:4)
  4 bone dragons
  An electric golem (Zot:1)
  3 tentacled monstrosities
  10 liches
  2 deep elf blademasters (Elf:3)
  4 quicksilver dragons
  4 deep elf master archers
  7 titans
  25 tentacled starspawn
  18 acid blobs
  Polyphemus (Shoals:2)
  3 death cobs (Zot:1)
  8 sphinxes
  Ilsuiw (Shoals:2)
  11 storm dragons
  5 shadow dragons
  Kirke (Shoals:4)
  3 fenstrider witches (WizLab)
  2 daevas (Abyss:3)
  12 tengu reavers
  9 rockslimes
  10 azure jellies
  15 fire giants
  9 vault wardens
  6 draconian knights (Zot:1)
  12 frost giants
  4 orc warlords
  9 emperor scorpions
  8 deep elf sorcerers
  5 ghost moths
  2 imperial myrmidons (Desolation)
  2 iron dragons
  A cacodemon (Abyss:3)
  2 balrugs (Abyss:3)
  Louise (Spider:4)
  A draconian scorcher (Zot:2)
  An angel (Abyss:3)
  6 deep elf elementalists (Elf:3)
  3 draconian shifters
  6 draconian annihilators
  29 very ugly things
  A juggernaut skeleton (Abyss:3)
  A draconian stormcaller (Depths:4)
  6 ironbound thunderhulks
  25 ironbound preservers
  3 war gargoyles (Vaults:2)
  17 stone giants
  3 spriggan defenders
  8 deep elf demonologists
  12 quicksilver oozes
  A green draconian (Zot:1)
  A starflower (Abyss:3)
  6 eleionomae
  11 black draconians
  6 vampire knights
  A lorocyproca (Abyss:3)
  3 halazid warlocks (Desolation)
  8 dire elephants
  51 starcursed masses (Abyss:3)
  4 red draconians
  3 spark wasps
  4 minotaurs
  4 deep elf annihilators
  3 blizzard demons
  4 yellow draconians
  Snorg (D:11)
  4 entropy weavers
  10 ettins
  3 purple draconians
  5 white draconians (Zot:1)
  5 deep elf death magi (Elf:3)
  2 green deaths (Abyss:3)
  2 crystal guardians (Desolation)
  2 eidola
  An ettin (shapeshifter) (Vaults:5)
  4 merfolk javelineers
  5 merfolk impalers
  10 fire dragons
  13 yaktaur captains
  2 shambling mangroves (WizLab)
  11 rakshasas
  2 deep elf high priests (Elf:3)
  7 ragged hierophants (Desolation)
  4 spriggan air magi
  11 boulder beetles
  9 peacekeepers
  2 spriggan zombies (Abyss:3)
  5 servants of whispers (Desolation)
  8 great orbs of eyes
  36 vault guards
  8 ice dragons
  3 ogre magi
  6 hydras
  5 merfolk avatars
  A juggernaut simulacrum (Abyss:2)
  17 centaur warriors
  3 radroaches
  17 two-headed ogres
  8 ironbound frosthearts
  2 alligator snapping turtles
  A catoblepas (Shoals:2)
  2 merfolk aquamancers (Shoals:3)
  25 dancing weapons
  A death knight (Abyss:3)
  13 death yaks
  2 tengu warriors
  9 deep troll shamans
  19 satyrs
  6 deep troll earth magi
  9 hell hogs
  6 spriggan berserkers
  A soul eater (Abyss:3)
  15 deep elf knights
  27 thrashing horrors
  A vampire mage (Abyss:3)
  A naga sharpshooter (WizLab)
  9 hell knights
  8 sun demons
  18 wretched stars
  4 pharaoh ants
  7 iron trolls
  2 shadow wraiths
  2 sixfirhies (Abyss:3)
  A goliath frog (Shoals:1)
  8 sea snakes
  11 skeletal warriors
  2 sun moths (Spider:4)
  A shadow demon (Abyss:3)
  7 spatial maelstroms (Abyss:3)
  Lodul (D:14)
  8 orb spiders
  8 steelbarb worms
  A swamp dragon (shapeshifter) (Vaults:4)
  3 flayed ghosts
  64 deep trolls
  17 deep elf archers
  A glowing orange brain (Abyss:3)
  10 orc knights
  An anaconda skeleton (Abyss:2)
  9 lindwurms
  10 wizards
  A lindwurm (shapeshifter) (Vaults:5)
  9 phantasmal warriors
  30 ironbound convokers
  40 harpies
  An orc sorcerer (Orc:2)
  34 ugly things
  2 oklob plants (WizLab)
  24 deep elf pyromancers
  27 deep elf zephyrmancers
  8 necromancers
  33 fauns
  15 wolf spiders
  A will-o-the-wisp (Abyss:3)
  A mana viper (Abyss:3)
  A salamander (Abyss:3)
  8 shining eyes
  11 worldbinders
  4 cyclopes
  8 merfolk sirens
  5 moths of wrath
  3 dire elephant zombies
  13 manticores
  2 centaur zombies (D:15)
  4 apocalypse crabs
  A molten gargoyle (Desolation)
  11 elephants
  2 torpor snails
  2 rust devils (Abyss:3)
  3 guardian serpents
  7 black mambas
  14 smoke demons
  7 water nymphs
  16 cane toads
  An eye of devastation (shapeshifter) (Elf:3)
  3 orange demons (Abyss:3)
  3 eyes of devastation
  56 large abominations
  3 gargoyles
  9 demonic crawlers
  A torpor snail (shapeshifter) (Vaults:4)
  21 vault sentinels
  A centaur skeleton (D:15)
  Psyche (D:11)
  A hellion (Abyss:3)
  An unseen horror (Abyss:3)
  7 rime drakes
  5 kobold demonologists
  3 freezing wraiths
  6 komodo dragons
  2 unseen horrors (shapeshifter)
  24 yaktaurs
  4 tormentors (Abyss:3)
  3 efreet
  2 hellwings (Abyss:3)
  An ice devil (Hell)
  25 merfolk
  2 polar bears
  18 ancient zymes
  14 trolls
  5 hornets
  A harpy zombie (Abyss:3)
  4 tyrant leeches
  A merfolk (shapeshifter) (Vaults:5)
  3 meliai (Spider:2)
  48 saltlings (Desolation)
  2 dream sheep (Shoals:1)
  22 blink frogs
  7 wind drakes
  119 slime creatures
  43 raiju
  22 tarantellas
  7 snapping turtles
  A frost giant simulacrum (Vaults:4)
  5 centaur simulacra
  A flying skull (Abyss:3)
  An air elemental (Elf:3)
  16 jumping spiders
  3 spriggans
  19 culicivoras
  21 humans (D:13)
  4 wraiths
  A vampire (Abyss:3)
  10 basilisks
  60 yaks
  7 wyverns
  14 ynoxinuls
  4 fire elementals (Elf:1)
  2 fire bats (Abyss:2)
  15 water elementals
  A golden eye (shapeshifter) (Depths:2)
  A basilisk (shapeshifter) (D:15)
  21 chaos spawn
  2 redbacks (shapeshifter)
  11 neqoxecs
  2 steam dragons
  A yaktaur simulacrum (Vaults:4)
  Grum (D:9)
  44 small abominations
  6 vampire mosquitoes
  An elf skeleton (Vaults:4)
  65 redbacks
  2 wargs
  Menkaure (D:5)
  9 spatial vortices (Abyss:3)
  7 water moccasins
  4 floating eyes
  A floating eye (shapeshifter) (Vaults:5)
  A black bear (shapeshifter) (D:15)
  3 ice beasts
  Pargi (Sewer)
  2 sky beasts
  A black bear (D:9)
  3 ettin simulacra (Depths:3)
  30 ogres
  26 orc warriors
  15 wolves
  3 boggarts
  9 centaurs
  4 phantoms
  3 kobold brigands
  7 bullfrogs
  2 necrophages (D:5)
  A gnoll sergeant (D:5)
  2 earth elementals (Elf:3)
  2 scorpions (D:5)
  9 wights
  8 howler monkeys
  5 electric eels
  8 quasits (Abyss:3)
  2 hounds
  14 jellies
  13 orc priests
  An iron imp (Abyss:3)
  A gnoll bouda (D:10)
  Jessica (D:2)
  Natasha (twice) (D:3)
  3 iguanas
  31 orc wizards
  10 hell rats
  14 gnolls
  11 adders
  A shadow imp (D:7)
  2 white imps
  6 ufetubi (Abyss:3)
  3 worms
  3 dart slugs (D:1)
  91 orcs
  9 ball pythons
  10 endoplasms
  6 giant cockroaches
  9 goblins
  3 hobgoblins
  2 jackals (D:4)
  10 quokkas
  2 training dummies (D:4)
  6 bats
  6 frilled lizards
  A goblin skeleton (D:7)
  A goblin zombie (D:7)
  4 hobgoblin zombies (D:7)
  17 kobolds
  A kobold skeleton (D:7)
  A kobold zombie (D:7)
  3 orc zombies (D:7)
  5 rats
  4 lurking horrors (Abyss:3)
  4 pillars of salt (Vaults:1)
  16 starspawn tentacles
2743 creatures vanquished.

Vanquished Creatures (collateral kills)
  A juggernaut (Depths:2)
  Jory (Vaults:5)
  2 golden dragons
  A titan (Vaults:5)
  An acid blob (Slime:2)
  A draconian monk (Zot:1)
  An azure jelly (Slime:4)
  A rockslime (Slime:5)
  A shadow dragon (Vaults:5)
  A draconian scorcher (Zot:1)
  An ironbound preserver (Vaults:5)
  A green draconian (Zot:1)
  A white draconian (Zot:1)
  A purple draconian (Zot:1)
  An ettin (Vaults:5)
  A deep elf high priest (Vaults:5)
  A shining eye (Slime:4)
  5 slime creatures
23 creatures vanquished.

Vanquished Creatures (others)
  A wizard (Vaults:4)
  A deep elf zephyrmancer (Elf:2)
  A tengu conjurer (Depths:4)
  A large abomination (Abyss:3)
  A raiju (Abyss:3)
  A ynoxinul (Abyss:3)
  4 humans (Shoals:4)
  7 golden eyes (Abyss:3)
  2 small abominations (Abyss:3)
  An orc warrior (Depths:1)
  An orc priest (D:10)
  An orc (D:10)
  4 foxfires (Abyss:3)
  25 fungi
  A lurking horror (Abyss:3)
  4 pillars of salt (Vaults:1)
  108 plants
  33 starspawn tentacles
  A withered plant (Gauntlet)
198 creatures vanquished.

Grand Total: 2964 creatures vanquished

Notes
Turn   | Place    | Note
-------+----------+-------------------------------------------
     0 | D:1      | drugrobin the Demigod Fighter began the quest for the Orb.
     0 | D:1      | Reached XP level 1. HP: 18/18 MP: 3/3
   225 | D:1      | Reached skill level 2 in Axes
   402 | D:1      | Reached XP level 2. HP: 25/25 MP: 4/4
   633 | D:1      | Reached skill level 3 in Axes
  1301 | D:2      | Reached XP level 3. HP: 19/30 MP: 5/5
  1552 | D:2      | Noticed Jessica
  1558 | D:2      | Killed Jessica
  1684 | D:2      | Reached skill level 4 in Axes
  1731 | D:2      | Reached XP level 4. HP: 34/37 MP: 6/6
  2276 | D:3      | Identified the ring of Xibbiy {AC+4 Dex+6}
  2304 | D:3      | Found a glowing drain.
  2327 | Sewer    | Entered a sewer
  2346 | Sewer    | Noticed Pargi
  2356 | Sewer    | Killed Pargi
  2357 | Sewer    | Reached skill level 5 in Axes
  2357 | Sewer    | Reached XP level 5. HP: 24/42 MP: 7/7
  2742 | D:3      | Identified the ring "Soustas" {rElec MP+9}
  2833 | D:3      | Noticed Natasha
  2843 | D:3      | Killed Natasha
  2844 | D:3      | Reached skill level 6 in Axes
  2844 | D:3      | Reached XP level 6. HP: 37/50 MP: 8/8
  2875 | D:3      | Noticed Natasha
  2885 | D:3      | Killed Natasha
  3629 | D:4      | Reached skill level 7 in Axes
  3734 | D:4      | Found a staircase to the Ecumenical Temple.
  3865 | D:4      | Reached XP level 7. HP: 57/57 MP: 9/9
  4108 | D:5      | Entered Level 5 of the Dungeon
  4258 | D:5      | Reached skill level 8 in Axes
  4541 | D:5      | Noticed Menkaure
  4559 | D:5      | Killed Menkaure
  4691 | D:5      | Reached XP level 8. HP: 60/67 MP: 10/10
  4865 | D:5      | Learned a level 1 spell: Summon Small Mammal
  4867 | D:5      | Learned a level 1 spell: Necrotise
  5276 | D:6      | Reached skill level 5 in Fighting
  5276 | D:6      | Reached skill level 9 in Axes
  6211 | D:7      | Reached skill level 10 in Axes
  6271 | D:7      | Noticed a hornet
  6287 | D:7      | Killed a hornet
  6288 | D:7      | Reached skill level 1 in Spellcasting
  6288 | D:7      | Reached XP level 9. HP: 75/75 MP: 11/13
  6331 | D:7      | Noticed a kobold demonologist
  6438 | D:7      | Noticed a hellwing
  6439 | D:7      | Killed a kobold demonologist
  6445 | D:7      | Paralysed by a hornet for 2 turns
  6953 | D:8      | Reached skill level 11 in Axes
  6986 | D:8      | Reached XP level 10. HP: 52/86 MP: 16/19
  7718 | D:9      | Noticed an elephant
  7731 | D:9      | Found a staircase to the Lair.
  7761 | D:9      | Killed an elephant
  7789 | D:9      | Noticed a centaur warrior
  7823 | D:9      | Killed a centaur warrior
  7885 | D:9      | Noticed a two-headed ogre
  7926 | D:9      | Killed a two-headed ogre
  7927 | D:9      | Reached skill level 5 in Spellcasting
  8131 | D:9      | Noticed Grum
  8155 | D:9      | Killed Grum
  8532 | D:10     | Entered Level 10 of the Dungeon
  9016 | D:10     | Identified the +0 buckler of Fomirey {Harm Fly Will- Str+2}
  9175 | D:10     | Reached skill level 12 in Axes
  9280 | D:10     | Learned a level 3 spell: Mephitic Cloud
  9482 | D:10     | Reached XP level 11. HP: 83/97 MP: 24/24
  9707 | D:10     | Found a staircase to the Orcish Mines.
  9816 | Orc:1    | Entered Level 1 of the Orcish Mines
 10059 | Orc:1    | You fall into a shaft and drop 1 floor!
 10059 | Orc:2    | Entered Level 2 of the Orcish Mines
 10143 | Orc:2    | Noticed a two-headed ogre
 10171 | Orc:2    | Killed a two-headed ogre
 10236 | Orc:2    | Found a staircase to the Elven Halls.
 10245 | Orc:2    | Found Vuvar's Antique Weapon Shoppe.
 10253 | Orc:2    | Bought a glimmering spear for 200 gold pieces
 10253 | Orc:2    | Identified the +3 spear of the Incandescent {pain, rF-
                  | rCorr Int+9 Dex-2} (You bought it in a shop on level 2 of
                  | the Orcish Mines)
 10273 | Orc:2    | Noticed an orc warlord
 11014 | D:11     | Noticed a skeletal warrior
 11053 | D:11     | Killed a skeletal warrior
 11140 | D:11     | Noticed a skeletal warrior
 11140 | D:11     | Noticed a skeletal warrior
 11152 | D:11     | Reached skill level 10 in Fighting
 11169 | D:11     | Found a gate leading to a gauntlet.
 11175 | Gauntlet | Entered a Gauntlet
 11175 | Gauntlet | Found a transporter.
 11175 | Gauntlet | Found a transporter.
 11175 | Gauntlet | Found a transporter.
 11176 | Gauntlet | Found a transporter.
 11177 | Gauntlet | Found a transporter.
 11180 | Gauntlet | Found a transporter.
 11189 | Gauntlet | Found a transporter.
 11190 | Gauntlet | Found a transporter.
 11191 | Gauntlet | Found a transporter.
 11191 | Gauntlet | Found a transporter.
 11199 | Gauntlet | Found a transporter.
 11199 | Gauntlet | Found a transporter.
 11199 | Gauntlet | Noticed a catoblepas
 11302 | Gauntlet | Noticed a dire elephant
 11634 | Gauntlet | Paralysed by a floating eye for 2 turns
 11728 | Gauntlet | Killed a dire elephant
 11738 | Gauntlet | Reached skill level 13 in Axes
 11896 | Gauntlet | Noticed a minotaur
 11907 | Gauntlet | Killed a minotaur
 12198 | Gauntlet | Found the ring of the Mage {Wiz Archmagi}
 12404 | Lair:1   | Entered Level 1 of the Lair of Beasts
 12540 | Lair:1   | Reached skill level 1 in Evocations
 12590 | Lair:1   | Reached XP level 12. HP: 107/107 MP: 28/28
 13309 | Lair:2   | Reached skill level 14 in Axes
 13323 | Lair:2   | Noticed a five-headed hydra
 13331 | Lair:2   | Killed a two-headed hydra
 13780 | Lair:2   | Learned a level 3 spell: Stone Arrow
 13994 | Lair:3   | Noticed a four-headed hydra
 14004 | Lair:3   | Killed a one-headed hydra
 14383 | Lair:3   | Found a staircase to the Shoals.
 14450 | Lair:3   | Noticed a six-headed hydra
 14466 | Lair:3   | Killed a three-headed hydra
 14566 | Lair:3   | Found a hole to the Spider Nest.
 15234 | Lair:4   | Reached XP level 13. HP: 116/116 MP: 29/29
 15256 | Lair:4   | Reached skill level 5 in Evocations
 15527 | Lair:4   | Reached skill level 15 in Axes
 16262 | Lair:5   | Entered Level 5 of the Lair of Beasts
 17089 | Lair:5   | Found a staircase to the Slime Pits.
 17131 | Lair:5   | Reached skill level 16 in Axes
 18053 | Lair:5   | Reached XP level 14. HP: 65/127 MP: 30/30
 19259 | Lair:5   | Found a one-way gate to the infinite horrors of the Abyss.
 19710 | Orc:2    | Killed an orc warlord
 20304 | Orc:2    | Reached skill level 5 in Armour
 20451 | Orc:2    | Reached skill level 17 in Axes
 20801 | Orc:2    | Found Edelibam's Distillery.
 20806 | Orc:2    | Found Xialaen's Weapon Emporium.
 20807 | Orc:2    | Found Unteol's Book Boutique.
 20809 | Orc:2    | Bought a potion of degeneration for 16 gold pieces
 20810 | Orc:2    | Bought a potion of magic for 128 gold pieces
 20811 | Orc:2    | Bought a potion of cancellation for 128 gold pieces
 20811 | Orc:2    | Bought 2 potions of heal wounds for 160 gold pieces
 20811 | Orc:2    | Bought a potion of heal wounds for 80 gold pieces
 20811 | Orc:2    | Bought a potion of curing for 48 gold pieces
 21027 | Orc:2    | Found Kyipum's Magic Scroll Emporium.
 21038 | Orc:2    | Bought a scroll of teleportation for 45 gold pieces
 21038 | Orc:2    | Bought a scroll of identify for 30 gold pieces
 21038 | Orc:2    | Bought a scroll of blinking for 112 gold pieces
 21038 | Orc:2    | Bought a scroll of blinking for 112 gold pieces
 21038 | Orc:2    | Bought a scroll of identify for 30 gold pieces
 21435 | D:11     | Identified a scroll of acquirement
 21439 | D:11     | Noticed Snorg
 21447 | D:11     | Killed Snorg
 21459 | D:11     | Acquired the +5 executioner's axe of Derozxem {speed, rN++}
 21956 | D:12     | Noticed Psyche
 22106 | D:11     | Killed Psyche
 22260 | D:12     | Found Idghaich's Neck Hole.
 23519 | D:13     | Reached XP level 15. HP: 136/136 MP: 31/31
 24308 | D:13     | Found a gate to the Vaults.
 25232 | D:14     | Noticed Lodul
 25243 | D:14     | Killed Lodul
 25387 | D:14     | Reached skill level 18 in Axes
 25786 | D:15     | Entered Level 15 of the Dungeon
 26898 | D:15     | Found a staircase to the Depths.
 27109 | Shoals:1 | Entered Level 1 of the Shoals
 28434 | Shoals:1 | Reached skill level 10 in Evocations
 28922 | Shoals:1 | Identified the ring "Dyaq" {Ice rElec rCorr Str+4}
 29125 | Shoals:1 | Reached XP level 16. HP: 147/147 MP: 32/32
 29753 | Shoals:2 | Reached skill level 19 in Axes
 29863 | Shoals:2 | Noticed Ilsuiw
 30052 | Shoals:2 | Killed Ilsuiw
 30629 | Shoals:2 | Identified the +0 leather armour "Qaxapux" {Contam Harm rF+
                  | Str+5}
 30797 | Shoals:2 | Noticed Polyphemus
 30845 | Shoals:2 | Killed Polyphemus
 31703 | Shoals:3 | Found Cexiawn's Weapon Shop.
 32943 | Shoals:3 | Noticed Mara
 33113 | Spider:1 | Entered Level 1 of the Spider Nest
 34285 | Spider:1 | Reached skill level 15 in Fighting
 36342 | Spider:2 | Reached skill level 20 in Axes
 36487 | Spider:2 | Noticed Arachne
 36488 | Spider:2 | Noticed Arachne
 36488 | Spider:2 | Arachne changed into Arachne the sphinx
 36492 | Spider:2 | Killed Arachne the sphinx
 37486 | Spider:3 | Identified the +3 flail of Iroipp {vorpal, +Blink rElec
                  | rCorr}
 38104 | Spider:3 | Reached skill level 10 in Armour
 38887 | Spider:4 | Entered Level 4 of the Spider Nest
 38894 | Spider:4 | Reached XP level 17. HP: 142/156 MP: 33/33
 39852 | Spider:4 | Noticed Nikola
 39873 | Spider:4 | Killed Nikola
 40686 | Spider:4 | Noticed Louise
 41266 | Shoals:3 | Noticed drugrobin's illusion
 41487 | Shoals:3 | Noticed drugrobin's illusion
 41738 | Shoals:3 | Noticed drugrobin's illusion
 41867 | Shoals:3 | Noticed drugrobin's illusion
 41878 | Shoals:3 | Killed Mara
 42336 | Shoals:4 | Entered Level 4 of the Shoals
 42845 | Shoals:4 | Reached skill level 21 in Axes
 43584 | Shoals:4 | Noticed Kirke
 43600 | Shoals:4 | Killed Kirke
 45071 | Shoals:4 | Got a barnacled rune of Zot
 45273 | Shoals:4 | Identified the +6 spear "Kocodew" {elec, rC- Str+3 Int+9
                  | Dex+3}
 45643 | Spider:4 | Killed Louise
 46419 | Spider:4 | Reached skill level 22 in Axes
 47090 | Spider:4 | Reached XP level 18. HP: 88/168 MP: 35/35
 47553 | Spider:4 | Got a gossamer rune of Zot
 47893 | Depths:1 | Entered Level 1 of the Depths
 48181 | Vaults:1 | Entered Level 1 of the Vaults
 48362 | Vaults:1 | Found a crumbling gateway.
 48401 | Desolati | Entered the Desolation of Salt
 49651 | Desolati | Identified the amulet of the Traitor {Acrobat Stlth+}
 49664 | Desolati | Identified the +2 robe of Xiobok {rC++}
 49664 | Desolati | Identified the ring of Plog {Ice +Blink rElec Int+4 Dex-4}
 50313 | Desolati | Found the +7 mace of Variability {chain chaos}
 50316 | Desolati | Identified the +3 broad axe of Oliuzoecs {vorpal, rC+ rN+
                  | Dex+4}
 50520 | Desolati | Identified the amulet "Upsugon" {Faith -Cast rPois rC++}
 50589 | Desolati | Identified the +0 leather armour of Ru's Whim {rElec Dex+2}
 50850 | Desolati | Identified the +2 whip of Qiskea {vorpal, Dex+6}
 50871 | Desolati | Got Utireh's Vellum of Fascination and Venin
 50878 | Desolati | Identified the +2 pair of boots of Wu Jian's Approval
                  | {rElec}
 51318 | Elf:1    | Entered Level 1 of the Elven Halls
 51352 | Elf:1    | Reached skill level 23 in Axes
 52065 | Elf:1    | You fall into a shaft and drop 1 floor!
 53934 | Elf:2    | Got Unuar's Quarto of Creative Conjuration
 54094 | Elf:2    | Found a runed translucent gate.
 54095 | Elf:2    | Found a runed translucent gate.
 54095 | Elf:2    | Found a runed translucent gate.
 54450 | Elf:3    | Entered Level 3 of the Elven Halls
 54766 | Elf:2    | Reached XP level 19. HP: 165/179 MP: 36/36
 56836 | Elf:3    | Found Petzalu's Magic Scroll Shop.
 56909 | Elf:3    | Reached skill level 24 in Axes
 56933 | Elf:3    | Bought a scroll of enchant armour for 105 gold pieces
 56933 | Elf:3    | Bought a scroll of magic mapping for 105 gold pieces
 57039 | Elf:3    | Found Seots's Vocational Training.
 57080 | Elf:3    | Bought a manual of Evocations for 880 gold pieces
 57168 | Elf:3    | Identified the +9 halberd "Neqewu" {elec, Int+3}
 57168 | Elf:3    | Identified the ring of the Archfiend {*Corrode Fly rF-
                  | Str+10 Dex+8}
 57263 | Elf:3    | Noticed a Brimstone Fiend
 57399 | Elf:3    | Identified the ring "Qoxkak" {Wiz rC+ rN+ rCorr SInv}
 57432 | Elf:3    | Identified the +0 scale mail of Love and Death {+Inv Will-
                  | MP+9 Str+3}
 57762 | Elf:3    | Identified the +2 morningstar of Benevolence {vorpal,
                  | Int+2}
 57974 | Elf:3    | Learned a level 2 spell: Wereblood
 57975 | Elf:3    | Identified the +8 short sword of Maezas {pain, *Slow rPois
                  | rN+}
 57987 | Elf:3    | Identified the +2 mace of Disaster {vorpal, Int+2 Stlth+}
 58777 | Vaults:1 | Reached skill level 1 in Necromancy
 60026 | Vaults:2 | Reached skill level 5 in Necromancy
 60331 | Vaults:2 | Found Dunyaxiedo's Distillery.
 60339 | Vaults:2 | Bought a potion of curing for 42 gold pieces
 60339 | Vaults:2 | Bought a potion of haste for 140 gold pieces
 60404 | Vaults:2 | Reached XP level 20. HP: 176/191 MP: 34/37
 60839 | Vaults:2 | Found Qodexeo's Antique Armour Shop.
 61865 | Vaults:3 | Found a staircase to the Crypt.
 62151 | Vaults:3 | Found a runed translucent gate.
 62151 | Vaults:3 | Found a runed translucent gate.
 62151 | Vaults:3 | Found a runed translucent gate.
 62157 | Vaults:3 | Noticed Egeuwelinn's ghost (veteran GnWn)
 62974 | Depths:1 | Paralysed by a sphinx for 3 turns
 62983 | D:15     | Reached skill level 15 in Evocations
 63179 | Depths:1 | Got the Folio of Glacial Mustering
 63680 | D:15     | Reached skill level 10 in Necromancy
 63978 | Depths:1 | Found a gateway to Hell.
 64403 | Depths:1 | Noticed Saint Roka
 64420 | Depths:1 | Killed Saint Roka
 64496 | Depths:1 | Learned a level 4 spell: Corpse Rot
 64775 | Depths:2 | Paralysed by a floating eye for 2 turns
 64942 | Depths:2 | Reached XP level 21. HP: 200/201 MP: 34/38
 65198 | Depths:2 | Paralysed by a floating eye for 3 turns
 65233 | Depths:2 | Noticed a caustic shrike
 65254 | Depths:2 | Killed a caustic shrike
 65570 | Depths:2 | Identified the +6 mace of Opti {antimagic, +Blink rC+
                  | Dex+3}
 65688 | Depths:2 | Found a one-way gateway to a ziggurat.
 65992 | Depths:2 | Noticed a juggernaut
 66209 | Depths:2 | Killed a juggernaut
 66319 | Depths:2 | Learned a level 2 spell: Blink
 66323 | Depths:2 | Learned a level 3 spell: Lesser Beckoning
 66407 | Depths:2 | Found a one-way gate leading to the halls of Pandemonium.
 66556 | Depths:2 | Found a runed translucent door.
 67850 | Depths:3 | Identified the +4 scale mail of Impressiveness {rC+ rCorr
                  | Int+4 Stlth-}
 68159 | Depths:4 | Entered Level 4 of the Depths
 68426 | Depths:3 | Paralysed by a vampire knight for 5 turns
 68930 | Depths:4 | Identified the ring "Ucotseam" {Str+2 Int+4 SInv}
 69268 | Depths:4 | Noticed a golden dragon
 69316 | Depths:4 | Killed a golden dragon
 69395 | Depths:4 | Found a gate to the Realm of Zot.
 69557 | Depths:4 | Noticed the Enchantress
 69734 | Depths:4 | Reached skill level 1 in Transmutations
 70063 | Depths:4 | Killed the Enchantress
 70639 | Slime:1  | Entered Level 1 of the Pits of Slime
 70712 | Slime:1  | Reached XP level 22. HP: 211/211 MP: 39/39
 70763 | Slime:1  | Gained mutation: You are dopey. (Int -2) [a shining eye]
 70779 | Slime:1  | Gained mutation: You occasionally shout uncontrollably at
                  | your foes. [a shining eye]
 71223 | Slime:2  | Noticed Dissolution
 71225 | Slime:2  | Gained mutation: Your body sometimes deteriorates upon
                  | taking damage. [a shining eye]
 71232 | Slime:1  | Killed Dissolution
 71716 | Slime:2  | Reached skill level 15 in Necromancy
 71765 | Slime:2  | Learned a level 6 spell: Simulacrum
 72748 | Slime:4  | Gained mutation: You are weak. (Str -2) [a shining eye]
 72749 | Slime:4  | Gained mutation: You are very weak. (Str -4) [a shining
                  | eye]
 72754 | Slime:4  | Reached skill level 5 in Transmutations
 73328 | Slime:5  | Entered Level 5 of the Pits of Slime
 73470 | Slime:5  | Noticed the Royal Jelly
 73518 | Slime:4  | Learned a level 8 spell: Necromutation
 73948 | Slime:5  | Killed the Royal Jelly
 74457 | Slime:5  | Identified the +7 war axe "Xastopn" {freeze, rElec rPois
                  | MP-9}
 74482 | Slime:5  | Got the Catalogue of Foul Ignition
 74592 | Slime:5  | Got a slimy rune of Zot
 75137 | Lair:5   | Voluntarily entered the Abyss.
 75394 | Abyss:2  | Reached skill level 1 in Dodging
 75421 | Abyss:2  | Gained mutation: You are frail. (-10% HP) [a neqoxec]
 76368 | Lair:5   | Escaped the Abyss
 76460 | Lair:5   | Voluntarily entered the Abyss.
 76548 | Abyss:3  | Reached XP level 23. HP: 86/198 MP: 40/40
 76641 | Abyss:3  | Noticed a dread lich
 76661 | Abyss:3  | Killed a dread lich
 76738 | Lair:5   | Escaped the Abyss
 76817 | Lair:5   | Voluntarily entered the Abyss.
 77355 | Abyss:3  | Gained mutation: You are very frail. (-20% HP) [a neqoxec]
 77455 | Lair:5   | Escaped the Abyss
 77515 | Lair:5   | Voluntarily entered the Abyss.
 77662 | Abyss:3  | Reached skill level 5 in Dodging
 77789 | Lair:5   | Escaped the Abyss
 77895 | Lair:5   | Voluntarily entered the Abyss.
 79888 | Lair:5   | Escaped the Abyss
 79997 | Lair:5   | Voluntarily entered the Abyss.
 80172 | Abyss:3  | Gained mutation: Your body often deteriorates upon taking
                  | damage. [a neqoxec]
 80185 | Abyss:3  | Gained mutation: You are occasionally teleported next to
                  | monsters. [a neqoxec]
 80368 | Abyss:3  | Reached XP level 24. HP: 182/182 MP: 40/40
 80456 | Abyss:3  | Got an abyssal rune of Zot
 80471 | Lair:5   | Escaped the Abyss
 80856 | Orc:2    | Lost mutation: You are very weak. (Str -4) [potion of
                  | mutation]
 80856 | Orc:2    | Lost mutation: You are weak. (Str -2) [potion of mutation]
 80856 | Orc:2    | Lost mutation: You are occasionally teleported next to
                  | monsters. [potion of mutation]
 80856 | Orc:2    | Gained mutation: Your flesh is cold resistant. (rC+)
                  | [potion of mutation]
 81248 | Vaults:4 | HP: 8/182 [vault warden/+0 great mace (23)]
 81442 | Vaults:4 | Found a magical portal.
 81451 | WizLab   | Entered Eringya's Formal Garden
 84087 | Vaults:4 | Got Zaufout's Folio of Toxic Companions
 84270 | Vaults:5 | Entered Level 5 of the Vaults
 84298 | Vaults:5 | Reached skill level 10 in Dodging
 85218 | Vaults:5 | Got a silver rune of Zot
 85232 | Vaults:5 | Got the Tractate on the Welkin and Curses
 85246 | Vaults:5 | Identified the +4 ring mail of the Poles {-Tele Fly rF+
                  | rN+}
 85303 | Vaults:5 | Reached skill level 10 in Spellcasting
 85415 | Vaults:5 | Noticed a dread lich
 85422 | Vaults:5 | Killed a dread lich
 85456 | Vaults:5 | Identified the +5 ring mail of Peek-a-Boo {+Inv rElec rF-
                  | Int+2}
 85460 | Vaults:5 | Identified the ring "Otaly" {rC- Int+9 SInv Stlth+}
 85486 | Vaults:5 | Got Masuitha's Almanac of the Wind
 85492 | Vaults:5 | Acquired the +4 pair of gloves "Coot" {Int+2 Dex+6}
 85663 | Vaults:5 | Reached XP level 25. HP: 188/188 MP: 42/43
 85815 | Vaults:5 | Noticed Jory
 85815 | Vaults:5 | Noticed an ancient lich
 85832 | Vaults:5 | Killed an ancient lich
 85841 | Abyss:4  | Cast into level 4 of the Abyss (Jory)
 85980 | Vaults:5 | Escaped the Abyss
 85986 | Vaults:5 | Killed Jory
 86057 | Vaults:5 | Noticed Frederick
 86070 | Vaults:5 | Killed Frederick
 86367 | Vaults:5 | Noticed a dread lich
 86549 | Vaults:5 | Killed a dread lich
 86815 | Vaults:3 | Killed Egeuwelinn's ghost
 86816 | Vaults:3 | Reached skill level 15 in Armour
 86916 | Vaults:3 | Identified the +2 pair of boots "Raifium" {rElec rCorr}
 87192 | Hell     | Entered the Vestibule of Hell
 87192 | Hell     | Noticed Geryon
 87192 | Hell     | Found a gateway to the freezing wastes of Cocytus.
 87383 | Zot:1    | Entered Level 1 of the Realm of Zot
 89285 | Zot:1    | HP: 9/189 [poison (poison gas)]
 89290 | Zot:1    | HP: 7/189 [poison (poison gas)]
 89731 | Zot:1    | HP: 1/189 [yellow draconian annihilator/crystal spear[a
                  | black draconian knight] (29)]
 90748 | Zot:2    | HP: 6/189 [poisoned by a death drake (dark miasma)]
 90749 | Zot:1    | Succumbed to a death drake's dark miasma

Illustrated notes

Levels and vault maps discovered:
D:1:      psy_arrival_radial02, layout_rooms, ebering_ecumenical_altar_ruins,
          grunt_decor_mini_mirrors
D:2:      minmay_skewed_foursquare, layout_basic, basic_altar, uniq_jessica
D:3:      layout_loops_cross, gup_sewer_entry_pipe, uniq_natasha
D:4:      dreamdust_elfheim, layout_gridville, minmay_temple_entry_offerings,
          kennysheep_generic_room_5
D:5:      layout_basic, minmay_increasing_density, uniq_menkaure
D:6:      layout_loops_ring
D:7:      layout_rooms, nicolae_tso_besieged_by_evil
D:8:      layout_gridville, grunt_temple_overflow_open
D:9:      layout_roguey, david_lair_generic, uniq_grum
D:10:     layout_loops_corners, grunt_qazlal_clouds, erik_orc_2,
          minmay_misc_feat_nine_boxes
D:11:     layout_roguey, gauntlet_entry_generic, uniq_snorg
D:12:     layout_cave_pools, nicolae_shop_sticking_my_neck_out, uniq_psyche
D:13:     layout_cave_pools, grunt_vaults_entry_tiered, minmay_misc_feat_tiny
D:14:     layout_basic, serial_bayou, serial_bayou_shore_a, serial_bayou_pond_b,
          serial_bayou_shore_b, serial_bayou_crossing, minmay_misc_feat_columns,
          uniq_lodul
D:15:     grunt_enter_depths_magical_seal, layout_cave_pools,
          minmay_misc_feat_rows
Lair:1:   layout_gridlike, grunt_megastairs_5, infiniplex_staircase_pool_2
Lair:2:   layout_misc_corridors, columned_hall_lemuel,
          cheibrodos_lair_caveside_slide, amcnicky_mini_pool_medium
Lair:3:   statuecave_lemuel, layout_chaotic_city, minmay_shoals_entry_beasts,
          spider_nest_entry_webs, lemuel_fruit_tree
Lair:4:   layout_gridlike, lemuel_fruit_fields
Lair:5:   hellmonk_lair_end_abyssal_woods, layout_regular_city,
          minmay_slime_entry_jelly_boxes, chequers_serial_rivers_room_b
Shoals:1: layout_shoals, nicolae_shoals_enchanted_isle
Shoals:2: layout_shoals, nicolae_shoals_dead_sea_scrolls, uniq_polyphemus,
          uniq_ilsuiw
Shoals:3: layout_shoals, serial_shops, nicolae_stop_n_shop_1, st_sunken_huts,
          uniq_mara
Shoals:4: shoals_end_hellmonk_lost_city, uniq_kirke
Spider:1: layout_spider_delve
Spider:2: layout_spider_delve, uniq_arachne
Spider:3: layout_cave_pods, hellmonk_test_site
Spider:4: grunt_spider_rune_circles, nicolae_spider_webs_and_nodes, uniq_louise,
          uniq_nikola
Slime:1:  cheibrodos_slime_lost_civilization_1, layout_caves,
          cheibrodos_slime_lost_civilization_4
Slime:2:  layout_caves, dissolution_awaits, uniq_dissolution
Slime:3:  layout_caves
Slime:4:  layout_caves
Slime:5
Orc:1:    layout_caves
Orc:2:    st_orc_open, layout_caves, serial_shops, nicolae_shop_behind_doors
Elf:1:    layout_loops_cross, hangedman_elf_disciples
Elf:2:    nicolae_elf_blades_crystal_corner, layout_gridlike, minmay_elf_sorcery
Elf:3:    elf_hall, layout_onion_city, serial_shops, nicolae_shop_stone,
          basic_altar, nicolae_shop_vocational
Vaults:1: portal_desolation_entry_garden, v_alt_pattern_1,
          nicolae_vaults_little_squares_3, st_diamondy, v_misc_23, v_rooms_4,
          vaults_mumra_minichess, vaults_dpeg_encased_lava,
          vaults_room_semicircle, layout_vaults_omnicross
Vaults:2: vaults_mumra_hex, vaults_dpeg_spiral, nicolae_vaults_branching_niches,
          ontoclasm_vaults_pinch, hangedman_vaults_trim,
          ontoclasm_vaults_loading_screen, vaults_room_grid,
          nicolae_vaults_windows_and_doors_thing, v_misc_3,
          nicolae_vaults_little_squares_3, layout_vaults_ring, serial_shops,
          nicolae_shop_advertising_works [nicolae_subvault_shop_adworks],
          shop_statue
Vaults:3: gammafunk_ghost_tricky_traps, dpeg_vaults_monster_box,
          layout_vaults_maze_snakey, dummy_crypt_entry
Vaults:4: mu_enter_wizlab_3, v_pattern_5, nicolae_vaults_alarming,
          grunt_vaults_focal, nicolae_vaults_network_square, dpeg_vaults_waves,
          ontoclasm_vaults_eye, vaults_dpeg_diagonal,
          vaults_room_grunt_arrival_checkpoint, v_misc_30,
          layout_vaults_big_room
Vaults:5: uniq_jory, uniq_frederick
Depths:1: layout_cave_pools, minmay_misc_feat_x, pf_coc_iceberg, abyss_entry,
          grunt_decor_one_mirror, hangedman_stitches_earthworm, uniq_saint_roka
Depths:2: minmay_the_grid_square_5x5_5x5_mashed [minmay_the_grid_square_5x5_z,
          minmay_the_grid_square_5x5_almost_minimal,
          minmay_the_grid_square_5x5_six, minmay_the_grid_square_5x5_fat_x,
          minmay_the_grid_square_5x5_inverted_slash,
          minmay_the_grid_square_5x5_shuriken,
          minmay_the_grid_square_5x5_prize_pseudospiral,
          minmay_the_grid_square_5x5_seven,
          minmay_the_grid_square_5x5_prize_deathbox,
          minmay_the_grid_square_5x5_minimal,
          minmay_the_grid_square_5x5_shrine1,
          minmay_the_grid_square_5x5_bracketed,
          minmay_the_grid_square_5x5_prize_rear_guard,
          minmay_the_grid_square_5x5_gyroscope, minmay_the_grid_square_5x5_c,
          minmay_the_grid_square_5x5_minivault,
          minmay_the_grid_square_5x5_prize_monsterx,
          minmay_the_grid_square_5x5_inner_z,
          minmay_the_grid_square_5x5_prize_open,
          minmay_the_grid_square_5x5_detours,
          minmay_the_grid_square_5x5_intrusive_squares,
          minmay_the_grid_square_5x5_tetrominoes,
          minmay_the_grid_square_5x5_half_checkered,
          minmay_the_grid_square_5x5_shrine2,
          minmay_the_grid_square_5x5_misaligned], layout_small_grid,
          enter_ziggurat_a, abyss_entry, pan_entry, grunt_decor_arrowhead,
          hell_entry, st_stairs_2, wad_hexagon, serial_bayou_shore_b
Depths:3: hangedman_elemental_death_ray, layout_small_grid, abyss_entry_crystal,
          kennysheep_decorative_pillar, hell_entry,
          infiniplex_staircase_zigzag_5
Depths:4: evilmike_zot_entry_round, layout_cave_pools, nrook_mini_vaults,
          grunt_hell_entry_dis_mu, uniq_enchantress
Hell
Zot:1:    layout_cellular_growth, grunt_megastairs_3
Zot:2:    lemuel_halls_of_wrath, layout_gridlike, grunt_ministairs_6,
          amethyst_zot_foddershock

Skill      XL: |  1  2  3  4  5  6  7  8  9 10 11 12 13 14 15 16 17 18 19 20 21 22 23 24 25 |
---------------+----------------------------------------------------------------------------+-----
Axes           | 2 3 4 5 6 7 8 10 11 12 13 14 16 17 18 20 22 23 24 | 24.0
Fighting       | 3 4 6 7 9 10 11 12 13 14 15 16 17 19 20 21 | 21.9
Spellcasting   | 1 4 6 7 8 10 11 | 11.6
Evocations     | 1 4 7 8 10 13 15 16 | 16.1
Armour         | 3 6 8 10 12 14 15 | 15.7
Necromancy     | 5 10 14 17 19 20 | 20.0
Transmutations | 2 7 8 |  8.0
Dodging        | 3 7 11 12 | 12.5
Shields        | |  2.6

Action                   |  1- 3 |  4- 6 |  7- 9 | 10-12 | 13-15 | 16-18 | 19-21 | 22-24 | 25-27 || total
-------------------------+-------+-------+-------+-------+-------+-------+-------+-------+-------++-------
Melee: War axe           |    73 |   150 |   300 |   483 |       |       |       |       |       ||  1006
       Club              |    15 |    70 |     6 |       |       |       |       |       |       ||    91
       Broad axe         |       |       |       |   186 |   515 |       |       |       |       ||   701
       Dagger            |       |       |       |     1 |     2 |       |       |       |       ||     3
       Executioner's axe |       |       |       |       |   545 |  1705 |  1693 |  2553 |   531 ||  7027
       Spear             |       |       |       |       |       |     2 |       |       |       ||     2
       Hand axe          |       |       |       |       |       |       |     1 |       |       ||     1
Throw: Stone             |    19 |       |     8 |     1 |       |       |       |       |       ||    28
       Dart              |       |       |    21 |    27 |     6 |     2 |     2 |     2 |     1 ||    61
       Javelin           |       |       |       |       |       |     2 |       |       |       ||     2
 Cast: Necrotise         |       |       |     4 |     9 |       |       |       |       |       ||    13
       Summon Small Mamm |       |       |     2 |    23 |    12 |       |     2 |     8 |       ||    47
       Mephitic Cloud    |       |       |       |     1 |     1 |       |    10 |       |       ||    12
       Stone Arrow       |       |       |       |    16 |     4 |       |       |       |       ||    20
       Wereblood         |       |       |       |       |       |       |    21 |    14 |     6 ||    41
       Corpse Rot        |       |       |       |       |       |       |     4 |     6 |     1 ||    11
       Blink             |       |       |       |       |       |       |     1 |     3 |     3 ||     7
       Simulacrum        |       |       |       |       |       |       |       |     9 |     6 ||    15
Evoke: Wand              |       |     1 |     1 |    17 |     1 |     3 |       |     4 |     2 ||    29
       Lightning rod     |       |       |       |       |       |       |    16 |    10 |       ||    26
       Phantom mirror    |       |       |       |       |       |       |     1 |     1 |       ||     2
       Box of beasts     |       |       |       |       |       |       |     1 |       |     2 ||     3
       Condenser vane    |       |       |       |       |       |       |       |     1 |     1 ||     2
  Use: Scroll            |       |       |     1 |    21 |    13 |    11 |     7 |    12 |     1 ||    66
       Potion            |       |       |       |     4 |     3 |     8 |     5 |    10 |     4 ||    34
 Stab: Sleeping          |       |     3 |     1 |     1 |       |       |       |       |       ||     5
       Distracted        |       |       |     1 |       |     1 |       |     2 |     2 |     2 ||     8
       Confused          |       |       |       |     2 |     1 |       |    17 |       |       ||    20
       Petrified         |       |       |       |       |       |     3 |       |       |       ||     3
Armor: Scale mail        |    38 |    23 |       |       |       |       |       |       |       ||    61
       Troll leather arm |       |    71 |   132 |   257 |    25 |       |       |       |       ||   485
       Plate armour      |       |       |       |     7 |    63 |   102 |    98 |       |       ||   270
       Chain mail        |       |       |       |       |   392 |   568 |       |       |       ||   960
       Pearl dragon scal |       |       |       |       |       |   288 |   754 |  1197 |   262 ||  2501
Dodge: Dodged            |    30 |    82 |   128 |   230 |   405 |   788 |   488 |   815 |   251 ||  3217
       Repelled          |       |       |     1 |     3 |       |     3 |    11 |     9 |       ||    27
Block: Buckler           |    21 |    62 |    67 |   156 |    68 |       |       |       |       ||   374

Table legend: (Time is in decaauts)
 A = Elapsed time spent in this place.
 B = Non-inter-level travel time spent in this place.
 C = Inter-level travel time spent in this place.
 D = Time resting spent in this place.
 E = Time spent auto-exploring this place.
 F = Levels seen in this place.
 G = Mean time per level.
                   A        B        C        D        E       F      G
               +--------+--------+--------+--------+--------+-----+--------+
         Total |  87743 |  81847 |   5896 |  24302 |  33706 |  63 | 1392.7 |
       Dungeon |  18158 |  16165 |   1993 |   2613 |   9152 |  15 | 1210.5 |
          Lair |   8737 |   7741 |    996 |   1751 |   4165 |   5 | 1747.4 |
        Shoals |  10187 |   9928 |    259 |   4963 |   2977 |   4 | 2546.8 |
   Spider Nest |   9564 |   9375 |    189 |   4555 |   3233 |   4 | 2391.0 |
    Slime Pits |   4213 |   3958 |    255 |    969 |   2020 |   5 |  842.6 |
  Orcish Mines |   2901 |   2463 |    438 |    718 |    963 |   2 | 1450.5 |
   Elven Halls |   6614 |   6229 |    385 |   1407 |   2908 |   3 | 2204.7 |
        Vaults |   8419 |   7754 |    665 |   1914 |   3111 |   5 | 1683.8 |
        Depths |   6985 |   6350 |    635 |   1676 |   2692 |   4 | 1746.2 |
          Hell |     15 |     15 |      0 |      0 |      0 |   1 |   15.0 |
           Zot |   2460 |   2383 |     77 |    483 |    911 |   2 | 1230.0 |
         Abyss |   4212 |   4212 |      0 |    830 |    494 |   9 |  468.0 |
         Sewer |    331 |    331 |      0 |    115 |     66 |   1 |  331.0 |
        Wizlab |   1290 |   1290 |      0 |    482 |    414 |   1 | 1290.0 |
    Desolation |   2588 |   2588 |      0 |   1504 |    375 |   1 | 2588.0 |
      Gauntlet |   1062 |   1062 |      0 |    318 |    223 |   1 | 1062.0 |
               +--------+--------+--------+--------+--------+-----+--------+

Top non-repeatable levels by time:
  Lair:5: 3766 daAuts
Shoals:2: 3683 daAuts
 Abyss:3: 3648 daAuts
Spider:4: 3625 daAuts
   Elf:2: 3351 daAuts
Desolation: 2588 daAuts
Vaults:2: 2492 daAuts
Shoals:1: 2430 daAuts
Spider:3: 2252 daAuts
   Zot:1: 2156 daAuts
Spider:2: 2100 daAuts
Shoals:4: 2099 daAuts
    D:15: 2070 daAuts
    D:10: 2066 daAuts
   Orc:2: 2039 daAuts
